 Dungeon Crawl Stone Soup version 0.27.0-1-g7a089689b8 (webtiles) character file.

Game seed: 10164662069225951102

14373 lmSkywalker the Nimble (level 12, -1/90 HPs)
             Began as a Djinni Fire Elementalist on Aug 2, 2021.
             Was an Initiate of Gozag.
             Hit by a large rock thrown by a cyclops (31 damage)
             ... on level 11 of the Dungeon on Aug 3, 2021.
             The game lasted 01:31:25 (18473 turns).

lmSkywalker the Nimble (Djinni Fire Elementalist)  Turns: 18473, Time: 01:31:26

Health: -1/90      AC: 14    Str: 13    XL:     12   Next: 44%
Gold:   2113       EV: 21    Int: 20    God:    Gozag SH:  0 Dex: 22

rFire    + + .     SeeInvis +   R - staff of conjuration
rCold    x x .     Faith    .   (no shield)
rNeg     . . .     Spirit   .   L - +1 ring mail {rPois}
rPois    ∞         Reflect  .   k - +2 hat
rElec    .         Harm     .   n - +1 cloak
rCorr    +         Rampage  .   w - +2 pair of gloves
Will     +....                  (boots unavailable)
Stlth    ++........             (no amulet)
HPRegen  0.25/turn              K - ring of the Ban {rC- rCorr Str+6 Dex+6 SInv}
MPRegen  0.00/turn              S - +4 ring of evasion

@: flying, very slightly contaminated
A: sickness immunity, fire resistance 2, cold vulnerability 1, float, innate
caster, hp casting, extra vitality 1
a: Renounce Religion, Potion Petition, Call Merchant, Bribe Branch


You were on level 11 of the Dungeon.
You worshipped Gozag.
Gozag was most pleased with you.
You visited 1 branch of the dungeon, and saw 11 of its levels.

You collected 2197 gold pieces.
You spent 36 gold pieces at shops.
You paid 48 gold pieces to Gozag.

Inventory:

Hand Weapons
 N - a +4 quick blade
Armour
 a - a +0 robe
 k - a +2 hat (worn)
 n - a +1 cloak (worn)
 w - a +2 pair of gloves (worn)
 L - a +1 ring mail of poison resistance (worn)
Magical Staves
 R - a staff of conjuration (weapon)
Jewellery
 K - the ring of the Ban (left hand) {rC- rCorr Str+6 Dex+6 SInv}
   (You found it on level 10 of the Dungeon)

   [ring of strength]

   Str:       It affects your strength (+6).
   Dex:       It affects your dexterity (+6).
   rC:        It makes you vulnerable to cold.
   SInv:      It lets you see invisible.
   rCorr:     It protects you from acid and corrosion.
 S - a +4 ring of evasion (right hand)
Wands
 p - a wand of flame (18)
 x - a wand of iceblast (10)
 A - a wand of digging (6)
 E - a wand of mindburst (10)
 O - a wand of polymorph (11)
Scrolls
 b - 2 scrolls of enchant armour
 d - 6 scrolls of immolation
 e - a scroll of torment {unknown}
 f - 4 scrolls of fog {unknown}
 j - 4 scrolls of noise
 l - 2 scrolls of vulnerability
 m - 3 scrolls of teleportation
 o - 2 scrolls of magic mapping
 v - a scroll of acquirement {unknown}
 z - a scroll of fear
 C - a scroll of blinking {unknown}
 H - a scroll of silence {unknown}
 I - a scroll of amnesia {unknown}
 Q - a scroll of identify
Potions
 c - a potion of resistance
 g - 3 potions of invisibility
 h - a potion of brilliance {unknown}
 i - a potion of degeneration {unknown}
 q - 8 potions of curing {unknown}
 r - 2 potions of mutation {unknown}
 s - 2 potions of attraction {unknown}
 t - 2 potions of might {unknown}
 u - a potion of berserk rage {unknown}
 B - a potion of lignification {unknown}
 D - 3 potions of heal wounds {unknown}
 F - 2 potions of haste {unknown}
 G - a potion of flight {unknown}
 J - a potion of magic {unknown}
 P - 6 potions of ambrosia
Miscellaneous
 M - a condenser vane


   Skills:
 + Level 9.4 Fighting
 * Level 3.9 Armour
 - Level 10.1 Dodging
 - Level 1.5 Stealth
 + Level 9.6 Spellcasting
 + Level 6.9 Evocations


You had one spell level left.
You knew the following spells:

 Your Spells              Type           Power      Damage    Failure   Level
a - Foxfire               Conj/Fire      100%       2x1d9     1%          1
b - Summon Lightning Spi  Summ/Air       48%        N/A       2%          4
c - Stone Arrow           Conj/Erth      100%       3d13      1%          3
d - Sticky Flame          Conj/Fire      64%        2d8       2%          4
e - Fireball              Conj/Fire      32%        3d14      8%          5
f - Conjure Flame         Conj/Fire      64%        6-21      1%          3
g - Slow                  Hex            48%        N/A       1%          2
h - Inner Flame           Hex/Fire       48%        N/A       1%          3
i - Summon Guardian Gole  Hex/Summ       48%        N/A       1%          3
j - Sandblast             Erth           96%        2d20      1%          1
Your spell library was empty.

Dungeon Overview and Level Annotations

Branches:
Dungeon (11/15)            Temple (0/1) D:5            Lair (0/6) D:8
    Orc (0/2) D:10

Altars:
Elyvilon
Gozag
Hepliaklqana
Nemelex Xobeh
Okawaru
Qazlal
Sif Muna
Trog
Uskayaw
Wu Jian
Xom
Yredelemnul
Jiyva

Shops:
D:4 ?

Annotations:
D:6 exclusion: downstairs
D:8 3 runed translucent doors, Mrcawl's ghost, novice DrFi
D:11 exclusion: door


Innate Abilities, Weirdness & Mutations

You are immune to sickness and miasma.
You are immune to poison.
Your flesh is very heat resistant. (rF++)
You are vulnerable to cold. (rC-)
You float through the air rather than walking.
You learn spells naturally, not from books.
Your magical power is your life essence.
You have superior vitality. (+4 HP)


Message History

S - a +4 ring of evasion You feel stronger.
You feel agile.
K - the ring of the Ban (left hand) {rC- rCorr Str+6 Dex+6 SInv}
S - a +4 ring of evasion (right hand) Drop what? 45/52 slots (_ for help) (? for menu, Esc to quit)
You drop a +6 ring of dexterity.
Found a ruby potion.
There is a stone staircase leading down here.
D - 3 ruby potions (gained 1)
Okay, then.
You see here a +0 cloak.
The cyclops shouts!
A cyclops is nearby!
Casting: Summon Lightning Spire (dangerous; 2% risk of failure)
Confirm with . or Enter, or press ? or * to list all spells.
An electric hum fills the air.
The cyclops throws a large rock.
The large rock hits you!
Casting: Summon Lightning Spire (dangerous; 2% risk of failure)
Confirm with . or Enter, or press ? or * to list all spells.
You miscast Summon Guardian Golem.
You are very lightly contaminated with residual magic.
Nothing appears to happen.
Casting: Summon Guardian Golem (safe; 1% risk of failure)
Confirm with . or Enter, or press ? or * to list all spells.
A guardian golem appears, shielding your allies.
Casting: Summon Guardian Golem (safe; 1% risk of failure)
Confirm with . or Enter, or press ? or * to list all spells.
You feel a surge of power!
You conjure some foxfire!
The cyclops throws a large rock.
The large rock hits you!!
The foxfire hits the cyclops.
The cyclops is lightly wounded.
The foxfire hits the cyclops.
The cyclops is lightly wounded.
Your lightning spire shoots out a bolt of lightning at the cyclops!
The bolt of electricity hits your guardian golem.
Your guardian golem resists.
The bolt of electricity hits the cyclops!
The cyclops throws a large rock.
The large rock hits you!!
You die...
Your body crumbles into a pile of gold.

)..#
#......#..#####.#.#####.
.#.# #..8C..##....##.#.#
#. ...#
#......##....##.#.# #.
...# #.8....##....##.#.#
#. .#.+
#......##....##.#)# #.
...# #......####.###.#.#
#. ####
#......####.###.#.# #.
#.................# ##
#######@..#.###.###
#...#..##.#####
#.............#
#.............#
#....[........#
#.............#
#.............#
###...........#
#...........#


You could see a cyclops (ally target), a friendly guardian golem (summoned) and
a friendly lightning spire (summoned, sheltered).

Vanquished Creatures
  Snorg (D:11)
  The ghost of mhtbhm the Cleaver, a journeyman MiBe of Trog (D:10)
  A tengu warrior (D:9)
  2 two-headed ogres
  Maurice (D:11)
  2 komodo dragons
  A tengu conjurer (D:9)
  A queen bee (D:11)
  2 trolls
  2 slime creatures (D:10)
  5 yaks
  2 steam dragons
  2 vampire mosquitoes (D:10)
  3 water moccasins
  10 orc warriors
  Duvessa (D:5)
  2 ice beasts
  A black bear (D:8)
  A sky beast (D:7)
  2 ogres
  2 wolves (D:10)
  4 centaurs
  3 phantoms
  Blork the orc (D:4)
  2 kobold brigands
  A bullfrog (D:8)
  4 scorpions
  Dowan (D:5)
  A water moccasin zombie (D:5)
  A wyvern skeleton (D:5)
  16 killer bees
  2 electric eels (D:10)
  A nameless horror (D:11)
  A wight (D:7)
  A howler monkey (D:4)
  5 centaur zombies
  2 bullfrog zombies
  3 hounds
  3 jellies
  A centaur skeleton (D:6)
  3 orc priests
  3 iguanas
  A scorpion zombie (D:5)
  Terence (D:2)
  8 orc wizards
  A killer bee zombie (D:7)
  A howler monkey skeleton (D:7)
  Robin (D:3)
  7 gnolls (D:5)
  5 adders
  2 shadow imps (D:7)
  3 white imps
  An ufetubus (D:7)
  2 worms
  3 dart slugs
  35 orcs
  9 ball pythons
  5 endoplasms
  5 giant cockroaches
  12 hobgoblins
  5 jackals (D:1)
  27 kobolds
  4 quokkas
  7 bats
  9 frilled lizards
  9 goblins
  4 rats
  A spectral orc (D:10)
272 creatures vanquished.

Vanquished Creatures (collateral kills)
  A two-headed ogre (D:10)
  Nergalle (D:11)
  2 ugly things
  A centaur zombie (D:11)
  2 trolls (D:11)
  6 yaks
  2 vampire mosquitoes (D:10)
  3 orc warriors (D:10)
  A centaur (D:11)
  11 killer bees
  A howler monkey (D:10)
  2 orc priests
  3 jellies (D:10)
  An orc wizard (D:10)
  6 orcs
  4 kobolds (D:9)
47 creatures vanquished.

Vanquished Creatures (others)
  Grum (D:10)
  2 wolves (D:10)
  A killer bee (D:11)
  An adder (D:3)
  2 hobgoblins (D:3)
  A butterfly (D:3)
  995 foxfires
  21 fungi (D:8)
  63 plants
1087 creatures vanquished.

Grand Total: 1406 creatures vanquished

Notes
Turn   | Place    | Note
-------+----------+-------------------------------------------
     0 | D:1      | lmSkywalker the Djinni Fire Elementalist began the quest
                  | for the Orb.
     0 | D:1      | Reached XP level 1. HP: 15/15 MP: 0/0
   293 | D:1      | Reached XP level 2. HP: 19/21 MP: 0/0
   598 | D:1      | Reached XP level 3. HP: 19/25 MP: 0/0
   598 | D:1      | Learned a level 1 spell: Sandblast
  2034 | D:2      | Noticed Terence
  2056 | D:2      | Reached XP level 4. HP: 25/31 MP: 0/0
  2090 | D:2      | Killed Terence
  2587 | D:2      | Found a sparkling altar of Nemelex Xobeh.
  2880 | D:3      | Noticed a phantom
  3299 | D:3      | Reached XP level 5. HP: 32/35 MP: 0/0
  3299 | D:3      | Learned a level 2 spell: Slow
  3385 | D:3      | Found a white marble altar of Elyvilon.
  3426 | D:3      | Found a bloodstained altar of Trog.
  3442 | D:3      | Noticed an eye of devastation
  3443 | D:3      | Found a faded altar of an unknown god.
  3447 | D:3      | Noticed a floating eye
  3447 | D:3      | Noticed an eye of devastation
  3447 | D:3      | Noticed a golden eye
  3495 | D:3      | Killed a phantom
  3496 | D:3      | Reached skill level 5 in Spellcasting
  3496 | D:3      | Reached XP level 6. HP: 24/40 MP: 0/0
  3675 | D:3      | Found an ornate altar of the Wu Jian Council.
  3729 | D:3      | Noticed Robin
  3733 | D:3      | Killed Robin
  4025 | D:3      | Found a shimmering altar of Xom.
  4341 | D:4      | Found Suid's Magic Scroll Emporium.
  4348 | D:4      | Bought a scroll of teleportation for 36 gold pieces
  4367 | D:4      | Noticed an ogre
  4372 | D:4      | Killed an ogre
  4373 | D:4      | Reached XP level 7. HP: 29/45 MP: 0/0
  4373 | D:4      | Learned a level 3 spell: Stone Arrow
  4598 | D:4      | Noticed Blork the orc
  4604 | D:4      | Killed Blork the orc
  5324 | D:5      | Entered Level 5 of the Dungeon
  5324 | D:5      | Found a stormy altar of Qazlal.
  5330 | D:5      | Reached skill level 1 in Fighting
  5432 | D:5      | Reached skill level 3 in Dodging
  5432 | D:5      | Reached XP level 8. HP: 49/54 MP: 0/0
  5465 | D:5      | Found a hide-covered altar of Uskayaw.
  5650 | D:5      | Noticed Duvessa
  5711 | D:5      | Found an opulent altar of Gozag.
  5718 | D:5      | Became a worshipper of Gozag Ym Sagoz the Greedy
  6019 | D:5      | Reached skill level 4 in Dodging
  6064 | D:5      | Found a staircase to the Ecumenical Temple.
  6319 | D:5      | Noticed Dowan
  6327 | D:5      | Killed Dowan
  6390 | D:5      | Killed Duvessa
  6519 | D:6      | Reached skill level 5 in Dodging
  6613 | D:6      | Found a sparkling altar of Nemelex Xobeh.
  6706 | D:6      | Reached XP level 9. HP: 59/62 MP: 0/0
  6706 | D:6      | Learned a level 3 spell: Summon Guardian Golem
  7715 | D:7      | Noticed a two-headed ogre
  7891 | D:7      | Reached skill level 6 in Dodging
  7926 | D:7      | Found an iron altar of Okawaru.
  8063 | D:7      | Reached skill level 5 in Fighting
  9064 | D:7      | Reached skill level 7 in Dodging
  9148 | D:7      | Reached XP level 10. HP: 47/72 MP: 0/0
  9655 | D:7      | Killed a two-headed ogre
  9656 | D:7      | Reached skill level 8 in Dodging
 10102 | D:8      | Noticed a komodo dragon
 10921 | D:8      | Killed a komodo dragon
 10922 | D:8      | Reached skill level 9 in Dodging
 11117 | D:8      | Found a staircase to the Lair.
 11184 | D:8      | Found a runed translucent gate.
 11186 | D:8      | Found a runed translucent gate.
 11187 | D:8      | Found a runed translucent gate.
 11197 | D:8      | Noticed Mrcawl's ghost (novice DrFi)
 11455 | D:9      | Reached XP level 11. HP: 76/81 MP: 0/0
 11455 | D:9      | Learned a level 4 spell: Summon Lightning Spire
 12347 | D:9      | Noticed a tengu warrior
 12875 | D:9      | Killed a tengu warrior
 13219 | D:10     | Entered Level 10 of the Dungeon
 13239 | D:10     | Noticed a purple ugly thing
 13448 | D:10     | Identified the ring of the Ban {rC- rCorr Str+6 Dex+6 SInv}
 13463 | D:10     | Killed a purple ugly thing
 13616 | D:10     | Reached skill level 10 in Dodging
 13974 | D:10     | Found a staircase to the Orcish Mines.
 14291 | D:10     | Found a hazy altar of Hepliaklqana.
 14373 | D:10     | Noticed a two-headed ogre
 14383 | D:10     | Killed a two-headed ogre
 14384 | D:10     | Reached skill level 1 in Evocations
 14883 | D:10     | Noticed Grum
 14891 | D:10     | Killed Grum
 15131 | D:10     | Found a basalt altar of Yredelemnul.
 15331 | D:10     | Found a runed translucent gate.
 15331 | D:10     | Found a runed translucent gate.
 15333 | D:10     | Found a runed translucent gate.
 15336 | D:10     | Noticed mhtbhm's ghost (journeyman MiBe)
 15338 | D:10     | Found a viscous altar of Jiyva.
 15693 | D:10     | Killed mhtbhm's ghost
 15874 | D:10     | Reached skill level 5 in Evocations
 16749 | D:11     | Noticed Maurice
 16764 | D:11     | Killed Maurice
 16765 | D:11     | Reached XP level 12. HP: 70/88 MP: 0/0
 16932 | D:11     | Noticed a two-headed ogre
 16951 | D:11     | Killed a two-headed ogre
 16952 | D:11     | Reached skill level 1 in Armour
 17046 | D:11     | Noticed Snorg
 17053 | D:11     | Killed Snorg
 17134 | D:11     | Noticed a skeletal warrior
 17500 | D:11     | Noticed Nergalle
 17517 | D:11     | Killed Nergalle
 18473 | D:11     | Hit by a large rock thrown by a cyclops

Illustrated notes

Levels and vault maps discovered:
D:1:      dpeg_arrival_tiny_c, layout_loops_ring
D:2:      layout_rooms, basic_altar, minmay_vboxes, uniq_terence
D:3:      layout_rooms, overflow_temple_1_default, nicolae_wu_jian_wuxing_cycle,
          xom_confusion_cloud, nicolae_elyvilon_peaceful_grove,
          hellmonk_ecumenical_altar_watching_god, hangedman_decor_points,
          minmay_misc_feat_tiny, st_stairs_13, chequers_serial_rivers_large_a,
          uniq_robin
D:4:      layout_cave_pods, serial_shops, nicolae_shop_statue_plus,
          minmay_misc_feat_alley, uniq_blork_the_orc
D:5:      layout_cave_pools, general_overflow_altar,
          mainiacjoe_overflow_divided_tiny, old_standard_altar, temple_statues,
          uniq_duvessa
D:6:      layout_loops_ring, nicolae_overflow_hidden_temple
D:7:      minmay_s_stair_smasher, layout_loops_ring, okawaru_ov_weapons_minmay
D:8:      layout_loops_cross, grunt_lair_entry_orc_guard_hut,
          gammafunk_ghost_necromancy
D:9:      kennysheep_kobold_camp, layout_basic
D:10:     layout_stronghold, yredelemnul_forgotten_temple_becter,
          lemuel_crystal_altar, erik_orc_2, gammafunk_ghost_ooze,
          minmay_misc_feat_five, minmay_radiant, uniq_grum
D:11:     minmay_clustersquares, layout_basic, special_room [special_room_bee],
          uniq_maurice, uniq_nergalle, uniq_snorg

Skill      XL: |  1  2  3  4  5  6  7  8  9 10 11 12 |
---------------+-------------------------------------+-----
Spellcasting   | 3 4 5 6 7 8 9 |  9.6
Fighting       | 1 3 5 7 8 9 |  9.4
Dodging        | 3 5 7 9 10 | 10.1
Evocations     | 6 |  6.9
Armour         | 3 |  3.9
Stealth        | |  1.5

Action                   |  1- 3 |  4- 6 |  7- 9 | 10-12 || total
-------------------------+-------+-------+-------+-------++-------
Melee: Falchion          |       |       |     1 |       ||     1
       Staff             |       |       |       |     3 ||     3
 Cast: Foxfire           |    90 |   112 |   236 |   187 ||   625
       Conjure Flame     |       |     2 |     6 |    14 ||    22
       Slow              |       |     1 |     1 |     1 ||     3
       Stone Arrow       |       |       |    41 |    99 ||   140
       Sticky Flame      |       |       |     4 |    16 ||    20
       Summon Lightning  |       |       |       |    61 ||    61
       Summon Guardian G |       |       |       |    24 ||    24
       Fireball          |       |       |       |     9 ||     9
  Use: Scroll            |       |     2 |       |     7 ||     9
Armor: Robe              |     8 |     4 |     6 |    18 ||    36
       Ring mail         |       |       |       |    16 ||    16
Dodge: Dodged            |    13 |     7 |    26 |    66 ||   112
       Rpst.: Falchion   |       |       |     3 |     7 ||    10
